 Dungeon Crawl Stone Soup version 0.20-a0-1025-g4706f7e (webtiles) character file.

7 Gorglomux the Insei (level 1, -1/15 HPs)
             Began as a Demigod Transmuter on Apr 19, 2017.
             Slain by a jackal (3 damage)
             ... on level 1 of the Dungeon.
             The game lasted 00:00:40 (368 turns).

Gorglomux the Insei (Demigod Transmuter)             Turns: 368, Time: 00:00:41

Health: -1/15      AC:  2    Str: 13    XL:     1   Next: 73%
Magic:  4/6        EV: 12    Int: 17    God:
Gold:   36         SH:  0    Dex: 16    Spells: 3/4 levels left

rFire    . . .     SeeInvis .     - Unarmed
rCold    . . .     Gourm    .   (no shield)
rNeg     . . .     Faith    .   b - +0 robe
rPois    .         Spirit   .   (no helmet)
rElec    .         Reflect  .   (no cloak)
rCorr    .         Harm     .   (no gloves)
MR       .....                  (boots currently unavailable)
Stlth    +.........             (no amulet)
Regen    0.1/turn               (no ring)
MPRegen  0.1/turn               (no ring)

@: appendage (expiring)
A: talons 3, high mp 1
a: End Transformation


You were on level 1 of the Dungeon.
You were not hungry.
You had grown temporary talons.
You visited 1 branch of the dungeon, and saw 1 of its levels.

You collected 36 gold pieces.

Inventory:

Hand Weapons
 g - a +0 dagger
   (You took it off a kobold on level 1 of the Dungeon)
Missiles
 a - 32 arrows
Armour
 b - a +0 robe (worn)
Scrolls
 e - a scroll of identify {unknown}
Books
 c - a book of Changes
Comestibles
 d - a bread ration {@e1@e1}
 f - a royal jelly


   Skills:
 - Level 0.8 Fighting
 - Level 1.7 Dodging
 * Level 2.9 Unarmed Combat
 + Level 2.1 Spellcasting
 - Level 1.7 Transmutations


You had 3 spell levels left.
You knew the following spells:

 Your Spells              Type           Power        Failure   Level  Hunger
a - Beastly Appendage     Tmut           #.....       10%         1    #......


Dungeon Overview and Level Annotations

Branches:
Dungeon (1/15)


Innate Abilities, Weirdness & Mutations

You have an increased reservoir of magic. (+10% MP)
You have claws for feet.


Message History

You take 1 damage, and have 12/15 hp.
You hit the kobold but do no damage. Your headbutt misses the kobold.
The kobold hits you with a dagger.
You take 4 damage, and have 8/15 hp.
MASSIVE DAMAGE!!
You are too injured to fight recklessly!
Unknown command.
You are too injured to fight recklessly!
You are too injured to fight recklessly!
Unknown command.
You are too injured to fight recklessly!
You hit the kobold but do no damage. The kobold completely misses you.
You miss the kobold.
Your transformation is almost over.
The kobold hits you with a dagger.
You take 1 damage, and have 7/15 hp.
You hit the kobold. The kobold hits you with a dagger.
You take 1 damage, and have 6/15 hp.
Unknown command.
You closely miss the kobold. Your headbutt misses the kobold.
The kobold closely misses you.
Unknown command.
You hit the kobold but do no damage. The kobold closely misses you.
Unknown command.
You hit the kobold.
You kill the kobold!
Your Spellcasting skill increases to level 2!
MP restored: 5 Unknown command.
g - a dagger You see here a kobold corpse.
Unknown command.
You start resting.
Your horns disappear.
You start resting.
Health restored: 15 You now have 36 gold pieces (gained 14).
A jackal comes into view.
A jackal is nearby!
Unknown command.
You grow a pair of large bovine horns.
A jackal is nearby!
You now have 4/5 mp.
Unknown command.
A jackal comes into view.
Unknown command.
A jackal comes into view.
The jackal misses you.
You closely miss the jackal.
The jackal barks! x2
The jackal bites you. x2
You take 2 damage, and have 13/15 hp.
Your transformation is almost over.
The jackal barely misses you. The jackal barely misses you.
MP restored: 5 The jackal bites you but does no damage.
You hit the jackal. Your headbutt misses the jackal.
The jackal barely misses you.
You hit the jackal but do no damage. The jackal misses you.
You completely miss the jackal.
Your horns disappear.
The jackal misses you.
The jackal bites you but does no damage.
The jackal misses you.
You hit the jackal. The jackal barely misses you.
The jackal closely misses you. The jackal barely misses you.
You hit the jackal but do no damage. The jackal bites you.
The jackal completely misses you.
You take 3 damage, and have 10/15 hp.
The jackal barely misses you. The jackal bites you.
You take 1 damage, and have 9/15 hp.
Your feet morph into talons.
The jackal bites you. x2
* * * LOW HITPOINT WARNING * * *
You take 6 damage, and have 3/15 hp.
MASSIVE DAMAGE!!
You now have 4/5 mp.
You hit the jackal.
You kill the jackal!
You barely miss the jackal. You claw the jackal, but do no damage.
The jackal barely misses you.
You miss the jackal. The jackal barely misses you. The jackal bites you.
* * * LOW HITPOINT WARNING * * *
You take 1 damage, and have 3/15 hp.
You completely miss the jackal. You claw the jackal.
The jackal barely misses you.
You hit the jackal. You claw the jackal, but do no damage.
The jackal barely misses you.
The jackal bites you but does no damage.
You hit the jackal.
You kill the jackal!
You hit the jackal. The jackal bites you.
* * * LOW HITPOINT WARNING * * *
You take 1 damage, and have 2/15 hp.
You closely miss the jackal. You claw the jackal.
Your transformation is almost over.
The jackal barely misses you. The jackal closely misses you.
You hit the jackal but do no damage. The jackal bites you.
You die...

#### #.. #.# .# #@##.. .#
#########h##.####.#
##......##.##......#
#..................#
........#####.##.#.......#
........# #>...#.......#
........# #............#
.######## #..###.......#
#####....†.......#


You could see a jackal.

Vanquished Creatures
  A dart slug (D:1)
  2 jackals (D:1)
  A kobold (D:1)
  A rat (D:1)
5 creatures vanquished.

Notes
Turn   | Place    | Note
-------+----------+-------------------------------------------
     0 | D:1      | Gorglomux the Demigod Transmuter began the quest for the Orb.
     0 | D:1      | Reached XP level 1. HP: 15/15 MP: 5/5
   144 | D:1      | Reached skill level 2 in Spellcasting
   359 | D:1      | HP: 3/15 [jackal (3)]
   366 | D:1      | HP: 2/15 [jackal (1)]
   368 | D:1      | Slain by a jackal

Vault maps used:
D:1:      matt_arrival_refuge

Skill      XL: |  1 |
---------------+----+-----
Spellcasting   | 2 |  2.1
Fighting       | |  0.8
Dodging        | |  1.7
Unarmed Combat | |  2.9
Transmutations | |  1.7

Action                   || total
-------------------------++-------
Melee: Unarmed           ||    26
       Kick              ||     4
       Headbutt          ||     1
 Cast: Beastly Appendage ||     5
Armor: Robe              ||     3
Dodge: Dodged            ||    23

Vault maps used:
D:1:      matt_arrival_refuge

Table legend:
 A = Turns spent in this place as a percentage of turns spent in the entire game.
 B = Non-inter-level travel turns spent in this place as a percentage of non-inter-level travel turns spent in the entire game.
 C = Inter-level travel turns spent in this place as a percentage of turns spent in this place.
 D = Turns resting spent in this place as a percentage of non-inter-level travel turns spent in this place.
 E = Turns spent auto-exploring this place as a percentage of non-inter-level travel turns spent in this place.
 F = Non-inter-level travel turns spent in this place divided by the number of levels of this place that you've seen.
                   A       B       C       D       E      F
               +-------+-------+-------+-------+-------+----------------------
         Total | 100.0 | 100.0 |   0.0 |   2.9 |   6.9 | 102.0
       Dungeon | 100.0 | 100.0 |   0.0 |   2.9 |   6.9 | 102.0
               +-------+-------+-------+-------+-------+----------------------

Table legend:
 A = Kills in this place as a percentage of kills in entire the game.
 B = Kills by you in this place as a percentage of kills by you in the entire game.
 C = Kills by friends in this place as a percentage of kills by friends in the entire game.
 D = Other kills in this place as a percentage of other kills in the entire game.
 E = Experience gained in this place as a percentage of experience gained in the entire game.
 F = Experience gained in this place divided by the number of levels of this place that you have seen.
                   A       B       C       D       E      F
               +-------+-------+-------+-------+-------+----------------------
         Total | 100.0 | 100.0 |  -nan |  -nan | 100.0 |  11.0
       Dungeon | 100.0 | 100.0 |  -nan |  -nan | 100.0 |  11.0
               +-------+-------+-------+-------+-------+----------------------
